 Dungeon Sprint DCSS version 0.29.1-2-gbd0b4ee654 (webtiles) character file.

Game seed: 10618151476450379871

26100000 Ashen the Conqueror (level 27, -56/342 HPs)
             Began as a Djinni Warper on Oct 25, 2022.
             Was the Champion of Makhleb.
             Killed by the air
             ... invoked by The Meatlord
              (90 damage)
             ... in the Dungeon (Sprint VIII: "Arena of Blood").
             The game lasted 00:12:36 (261 turns).

Ashen the Conqueror (Djinni Warper)                  Turns: 261, Time: 00:12:37

Health: -56/342    AC:  6    Str: 10    XL:     27
Gold:   0          EV: 29    Int: 24    God:    Makhleb [******] SH:  0 Dex: 18

rFire   + + +      SeeInvis +   i - +∞ Axe of Woe
rCold   x . .      Faith    .   (shield currently unavailable)
rNeg    . . .      Spirit   .   b - +0 leather armour
rPois   ∞          Reflect  .   (no helmet)
rElec   .          Harm     .   (no cloak)
rCorr   .          Rampage  .   (no gloves)
Will    ++...      NoTele   +   (boots unavailable)
Stlth   ..........              (no amulet)
HPRegen 0.67/turn               j - ring of see invisible
MPRegen 0.00/turn               m - ring of protection from fire

@: confused, berserking, flying, very quick
A: sickness immunity, fire resistance 2, cold vulnerability 1, float, innate
caster, HP casting, extra vitality 1
a: Renounce Religion, Minor Destruction, Lesser Servant of Makhleb, Major
Destruction, Greater Servant of Makhleb


You were in the Dungeon.
You worshipped Makhleb.
Makhleb was exalted by your worship.
You visited 1 branch

Inventory:

Hand Weapons
 a - a +0 hand axe
 i - the +∞ Axe of Woe (weapon)
   (You found it in the Dungeon)
Missiles
 d - 7 boomerangs of dispersal (quivered)
Armour
 b - a +0 leather armour (worn)
Jewellery
 j - a ring of see invisible (left hand)
 k - a +30 ring of slaying
 l - a +30 ring of slaying
 m - a ring of protection from fire (right hand)
 n - a +400 ring of slaying
Scrolls
 c - 2 scrolls of blinking
Potions
 f - a potion of heal wounds
 g - a potion of haste


   Skills:
 O Level 27 Fighting
 O Level 27 Short Blades
 O Level 27 Long Blades
 O Level 27 Axes
 O Level 27 Maces & Flails
 O Level 27 Polearms
 O Level 27 Staves
 O Level 27 Ranged Weapons
 O Level 27 Throwing
 O Level 27 Armour
 O Level 27 Dodging
 O Level 27 Stealth
 O Level 27 Shields
 O Level 27 Unarmed Combat
 O Level 27 Spellcasting
 O Level 27 Invocations
 O Level 27 Evocations


You couldn't memorise any spells.
You knew the following spells:

 Your Spells              Type           Power      Damage    Failure   Level
a - Blink                 Tloc           100%       N/A       0%          2
b - Lesser Beckoning      Tloc           100%       N/A       0%          3
c - Gell's Gravitas       Tloc           100%       N/A       0%          3
d - Teleport Other        Tloc           100%       N/A       0%          3
e - Manifold Assault      Tloc           100%       N/A       0%          5
f - Sandblast             Erth           100%       2d20      0%          1
g - Static Discharge      Conj/Air       100%       3-16/arc  0%          2
h - Stone Arrow           Conj/Erth      100%       3d13      0%          3
i - Anguish               Hex/Necr       52%        N/A       0%          4
j - Animate Armour        Summ/Erth      100%       N/A       0%          4
k - Summon Mana Viper     Hex/Summ       100%       N/A       0%          5
l - Iron Shot             Conj/Erth      52%        9d10      0%          6
m - Storm Form            Tmut/Air       52%        N/A       0%          7
n - Enfeeble              Hex            52%        N/A       0%          7
o - Disjunction           Tloc           52%        N/A       1%          8
p - Lehudib's Crystal Sp  Conj/Erth      52%        10d12     1%          8
q - Discord               Hex            52%        N/A       1%          8
r - Chain Lightning       Conj/Air       52%        3d69      1%          9
Your spell library was empty.

Dungeon Overview and Level Annotations

Branches:
Dungeon (1/1)

Altars:
Makhleb

Annotations:
D The Meatlord


Innate Abilities, Weirdness & Mutations

You are immune to sickness and miasma.
You are immune to poison.
Your flesh is very heat resistant. (rF++)
You are vulnerable to cold. (rC-)
You float through the air rather than walking.
You learn spells naturally, not from books.
Your magical power is your life essence.
You have superior vitality. (+4 MHP)


Message History

* * * LOW HITPOINT WARNING * * *
The fleshlord casts a spell.
The fleshlord seems to speed up.
You hear a grinding noise.
The large bag of meat moves out of view.
The scourge moves out of view.
The observer moves out of view.
You hit the vile.
You slaughter the vile joyfully.
You destroy the vile!
Makhleb accepts your kill.
You feel better.
You slash the meat beast! You chop the meat beast into pieces.
You kill the meat beast!
Makhleb accepts your kill.
You feel better.
The meat beast is engulfed in blazing flames.
You hear a shout!
You barely resist.
You're too confused to move!
The vile appears out of thin air!
A vile comes into view. It is wielding a +0 mace.
A vile comes into view. It is wielding a +0 flail.
Some rock shatters into small pieces. x2
A vile comes into view. It is wielding a +0 mace.
The eight-headed meat hydra calls on the powers of darkness!
The eight-headed meat hydra convulses!
The meat berserker convulses!
The bag of meat convulses!
The eight-headed meat hydra convulses!
The scourge convulses!
The bag of meat convulses!
The fleshlord convulses!
The scourge convulses!
Your body is wracked with pain!
* * * LOW HITPOINT WARNING * * *
The destroyer gestures at you while chanting.
The destroyer blinks!
The accursed is engulfed in blazing flames.
The scourge throws poison sting at you. The poison arrow hits you!
You partially resist.
* * * LOW HITPOINT WARNING * * *
The vile hits you with a +0 mace.
* * * LOW HITPOINT WARNING * * *
You are engulfed in flames!!
You resist.
* * * LOW HITPOINT WARNING * * *
The Meatlord waves their arms in wide circles.
The air twists around and strikes you!!!!
You die... .. .#)....#)).....# GS.O

.# .)...###.)....)##..§&D
) ..........###W.).SMW).
† o).#....p.9._.....o2☼p.
).○#†...).9.p....#..S2o..
#.))†))..).#_.o._#.L.D)..
.))#.)).).)#...9S#§O....#
†)...#)......._V)).D....)
).....)§.....##9@..9§...)
)....))§###.......##9....
.))..)).......).).#.....)
.)..))))))9.)99.....†....
.#)........)..9...)......
#.#.....)))..).)......#..
)#.#.)........).9.....).†
#.#.#....)..))))...##.)..
..)#..).)#.))))†.........


You could see The Meatlord, an accursed, 2 meat beasts, a tyrant (fast), 2
eight-headed meat hydras, a destroyer, 3 scourges, 3 fleshlords, a dread, 11
viles, a meat berserker (berserk), a wretched soul (invisible) and 3 bags of
meat.

Vanquished Creatures
  16 molten gargoyles (D)
  38 hell knights (D)
  14 hell beasts (D)
  7 royal mummies (D)
  22 great orbs of eyes (D)
  25 wraiths (D)
  Harold (D)
  17 vampire knights (D)
  53 ogres (D)
  11 two-headed ogres (D)
  8 liches (D)
  21 hydras (D)
  20 phantoms (D)
  109 orcs (D)
  12 skeletal warriors (D)
  27 sea snakes (D)
401 creatures vanquished.

Vanquished Creatures (collateral kills)
  An ogre (D)
  2 two-headed ogres (D)
  A hydra (D)
  6 orcs (D)
  A skeletal warrior (D)
11 creatures vanquished.

Vanquished Creatures (others)
  A hell knight (D)
  2 hell beasts (D)
  A vampire knight (D)
  A two-headed ogre (D)
  7 orcs (D)
12 creatures vanquished.

Grand Total: 424 creatures vanquished

Notes
Turn   | Place    | Note
-------+----------+-------------------------------------------
     0 | D        | Found the +∞ Axe of Woe
     0 | D        | Ashen the Djinni Warper began the quest for the Orb.
     0 | D        | Ashen set off with the following spells memorised: Blink,
                  | Lesser Beckoning, Gell's Gravitas, Teleport Other, Manifold
                  | Assault.
     0 | D        | Reached XP level 1. HP: 18/18 MP: 0/0
     1 | D        | Noticed a bag of meat
     3 | D        | Became a worshipper of Makhleb the Destroyer
     5 | D        | Noticed a bag of meat
     5 | D        | Noticed a bag of meat
     6 | D        | Noticed a bag of meat
     7 | D        | Noticed a bag of meat
     8 | D        | Noticed a bag of meat
     8 | D        | Noticed a bag of meat
     9 | D        | Noticed a bag of meat
     9 | D        | Noticed a bag of meat
     9 | D        | Noticed a bag of meat
    10 | D        | Killed a bag of meat
    10 | D        | Noticed a bag of meat
    10 | D        | Noticed a bag of meat
    10 | D        | Noticed a bag of meat
    10 | D        | Noticed a bag of meat
    10 | D        | Noticed a bag of meat
    11 | D        | Reached skill level 15 in Fighting
    11 | D        | Reached XP level 2. HP: 43/43 MP: 0/0
    11 | D        | Reached XP level 3. HP: 49/49 MP: 0/0
    11 | D        | Learned a level 1 spell: Sandblast
    11 | D        | Reached XP level 4. HP: 55/55 MP: 0/0
    11 | D        | Reached XP level 5. HP: 60/60 MP: 0/0
    11 | D        | Learned a level 2 spell: Static Discharge
    11 | D        | Reached XP level 6. HP: 67/67 MP: 0/0
    11 | D        | Reached XP level 7. HP: 72/72 MP: 0/0
    11 | D        | Learned a level 3 spell: Stone Arrow
    11 | D        | Reached XP level 8. HP: 78/78 MP: 0/0
    11 | D        | Reached XP level 9. HP: 84/84 MP: 0/0
    11 | D        | Learned a level 4 spell: Anguish
    11 | D        | Reached XP level 10. HP: 90/90 MP: 0/0
    11 | D        | Reached XP level 11. HP: 95/95 MP: 0/0
    11 | D        | Learned a level 4 spell: Animate Armour
    11 | D        | Killed a bag of meat
    11 | D        | Reached * piety under Makhleb
    11 | D        | Killed a bag of meat
    11 | D        | Killed a bag of meat
    11 | D        | Noticed a meat berserker
    11 | D        | Noticed a bag of meat
    11 | D        | Noticed a bag of meat
    11 | D        | Noticed a bag of meat
    12 | D        | Reached XP level 12. HP: 97/112 MP: 0/0
    12 | D        | Reached XP level 13. HP: 102/118 MP: 0/0
    12 | D        | Learned a level 5 spell: Summon Mana Viper
    12 | D        | Noticed a meat berserker
    12 | D        | Killed a bag of meat
    12 | D        | Reached ** piety under Makhleb
    12 | D        | Killed a bag of meat
    12 | D        | Noticed a bag of meat
    12 | D        | Noticed a bag of meat
    12 | D        | Noticed a bag of meat
    13 | D        | Reached XP level 14. HP: 129/129 MP: 0/0
    13 | D        | Killed a bag of meat
    13 | D        | Killed a bag of meat
    13 | D        | Reached *** piety under Makhleb
    13 | D        | Noticed a bag of meat
    14 | D        | Reached XP level 15. HP: 138/138 MP: 0/0
    14 | D        | Learned a level 6 spell: Iron Shot
    14 | D        | Reached **** piety under Makhleb
    14 | D        | Killed a meat berserker
    14 | D        | Noticed a meat berserker
    15 | D        | Reached XP level 16. HP: 152/152 MP: 0/0
    15 | D        | Reached ***** piety under Makhleb
    15 | D        | Noticed a meat berserker
    16 | D        | Reached skill level 27 in Fighting
    16 | D        | Reached XP level 17. HP: 160/160 MP: 0/0
    16 | D        | Learned a level 7 spell: Storm Form
    16 | D        | Killed a meat berserker
    17 | D        | Killed a meat berserker
    18 | D        | Reached skill level 27 in Axes
    18 | D        | Reached skill level 27 in Spellcasting
    18 | D        | Reached XP level 18. HP: 123/167 MP: 0/0
    18 | D        | Reached ****** piety under Makhleb
    18 | D        | Noticed a destroyer
    19 | D        | Reached skill level 10 in Armour
    19 | D        | Reached XP level 19. HP: 174/174 MP: 0/0
    19 | D        | Learned a level 7 spell: Enfeeble
    19 | D        | Killed a destroyer
    20 | D        | Reached skill level 27 in Dodging
    20 | D        | Killed a meat berserker
    21 | D        | Reached skill level 27 in Armour
    21 | D        | Reached XP level 20. HP: 127/181 MP: 0/0
    22 | D        | Reached skill level 5 in Short Blades
    22 | D        | Reached skill level 5 in Long Blades
    22 | D        | Reached skill level 5 in Maces & Flails
    22 | D        | Reached skill level 5 in Polearms
    22 | D        | Reached skill level 5 in Staves
    22 | D        | Reached skill level 5 in Ranged Weapons
    22 | D        | Reached skill level 5 in Throwing
    22 | D        | Reached skill level 5 in Stealth
    22 | D        | Noticed a destroyer
    23 | D        | Killed a destroyer
    23 | D        | Noticed a large bag of meat
    24 | D        | Reached XP level 21. HP: 187/187 MP: 0/0
    24 | D        | Learned a level 8 spell: Disjunction
    24 | D        | Noticed a meat berserker
    24 | D        | Noticed a meat berserker
    25 | D        | Killed a meat berserker
    25 | D        | Killed a meat berserker
    25 | D        | Killed a large bag of meat
    25 | D        | Noticed a large bag of meat
    26 | D        | Reached skill level 10 in Maces & Flails
    26 | D        | Reached skill level 10 in Polearms
    26 | D        | Reached skill level 10 in Ranged Weapons
    26 | D        | Reached skill level 10 in Throwing
    26 | D        | Reached XP level 22. HP: 194/194 MP: 0/0
    26 | D        | Killed a large bag of meat
    27 | D        | Noticed a meat berserker
    27 | D        | Noticed a meat berserker
    29 | D        | Killed a meat berserker
    29 | D        | Killed a meat berserker
    30 | D        | Noticed a destroyer
    31 | D        | Killed a destroyer
    32 | D        | Reached skill level 15 in Short Blades
    32 | D        | Reached skill level 15 in Long Blades
    32 | D        | Reached skill level 15 in Shields
    32 | D        | Reached skill level 15 in Unarmed Combat
    32 | D        | Reached skill level 15 in Invocations
    32 | D        | Reached skill level 15 in Evocations
    32 | D        | Reached XP level 23. HP: 201/201 MP: 0/0
    32 | D        | Learned a level 8 spell: Lehudib's Crystal Spear
    35 | D        | Noticed a destroyer
    36 | D        | Noticed a destroyer
    36 | D        | Killed a destroyer
    36 | D        | Killed a destroyer
    37 | D        | Reached skill level 15 in Maces & Flails
    37 | D        | Reached skill level 15 in Polearms
    37 | D        | Reached skill level 15 in Staves
    37 | D        | Reached skill level 15 in Stealth
    45 | D        | Reached skill level 15 in Ranged Weapons
    45 | D        | Reached skill level 15 in Throwing
    48 | D        | Reached XP level 24. HP: 208/208 MP: 0/0
    51 | D        | Noticed a large bag of meat
    52 | D        | Noticed a large bag of meat
    52 | D        | Noticed an accursed
    52 | D        | Killed an accursed
    52 | D        | Noticed a large bag of meat
    53 | D        | Killed a large bag of meat
    54 | D        | Reached XP level 25. HP: 206/214 MP: 0/0
    54 | D        | Learned a level 8 spell: Discord
    56 | D        | Noticed an accursed
    56 | D        | Killed a large bag of meat
    57 | D        | Noticed a destroyer
    57 | D        | Noticed a destroyer
    57 | D        | Noticed a tyrant
    59 | D        | Killed a large bag of meat
    60 | D        | Killed a destroyer
    60 | D        | Killed a destroyer
    61 | D        | Reached XP level 26. HP: 221/221 MP: 0/0
    62 | D        | Noticed a tyrant
    62 | D        | Noticed a meat beast
    65 | D        | Reached skill level 27 in Stealth
    71 | D        | Reached XP level 27. HP: 178/228 MP: 0/0
    71 | D        | Learned a level 9 spell: Chain Lightning
    71 | D        | Killed a tyrant
    71 | D        | Killed a tyrant
    71 | D        | Noticed a dread
    72 | D        | Killed an accursed
    72 | D        | Noticed a dread
    73 | D        | Killed a dread
    73 | D        | Killed a dread
    73 | D        | Noticed a dread
    74 | D        | Reached skill level 27 in Short Blades
    74 | D        | Reached skill level 27 in Long Blades
    74 | D        | Reached skill level 27 in Shields
    74 | D        | Reached skill level 27 in Unarmed Combat
    74 | D        | Reached skill level 27 in Invocations
    74 | D        | Reached skill level 27 in Evocations
    74 | D        | Killed a dread
    75 | D        | Reached skill level 27 in Maces & Flails
    75 | D        | Reached skill level 27 in Polearms
    75 | D        | Reached skill level 27 in Staves
    75 | D        | Reached skill level 27 in Ranged Weapons
    75 | D        | Reached skill level 27 in Throwing
    75 | D        | Noticed a meat beast
    75 | D        | Killed a meat beast
    77 | D        | Killed a meat beast
    82 | D        | Noticed a meat beast
    83 | D        | Noticed a meat beast
    83 | D        | Noticed a meat beast
    83 | D        | Noticed a dread
    84 | D        | Killed a dread
    85 | D        | Killed a meat beast
    87 | D        | Noticed a meat beast
    88 | D        | Killed a meat beast
    88 | D        | Noticed a meat beast
    89 | D        | Killed a meat beast
    89 | D        | Killed a meat beast
    98 | D        | Noticed a tyrant
    99 | D        | Noticed an accursed
   101 | D        | Killed an accursed
   101 | D        | Noticed a large bag of meat
   103 | D        | Killed a large bag of meat
   105 | D        | Noticed a tyrant
   105 | D        | Noticed a destroyer
   106 | D        | Killed a destroyer
   110 | D        | Killed a tyrant
   112 | D        | Noticed a large bag of meat
   113 | D        | Noticed a meat beast
   114 | D        | Noticed a meat beast
   116 | D        | Killed a meat beast
   116 | D        | Noticed The Servant
   118 | D        | Killed The Servant
   119 | D        | Noticed a fleshlord
   119 | D        | Killed a fleshlord
   121 | D        | Killed a large bag of meat
   123 | D        | Noticed an accursed
   123 | D        | Noticed an accursed
   123 | D        | Noticed a meat beast
   124 | D        | Killed an accursed
   124 | D        | Killed a meat beast
   124 | D        | Killed an accursed
   124 | D        | Noticed a fleshlord
   125 | D        | Noticed a destroyer
   126 | D        | Killed a meat beast
   127 | D        | Noticed a fleshlord
   127 | D        | Killed a fleshlord
   128 | D        | Killed a fleshlord
   128 | D        | Killed a destroyer
   129 | D        | Noticed a fleshlord
   129 | D        | Killed a fleshlord
   129 | D        | Noticed a fleshlord
   130 | D        | Killed a fleshlord
   132 | D        | Noticed a fleshlord
   132 | D        | Killed a fleshlord
   133 | D        | Noticed a fleshlord
   134 | D        | Killed a fleshlord
   136 | D        | Noticed a dread
   137 | D        | Killed a dread
   137 | D        | Noticed a large bag of meat
   139 | D        | Noticed a large bag of meat
   140 | D        | Noticed a fleshlord
   141 | D        | Killed a fleshlord
   142 | D        | Killed a large bag of meat
   142 | D        | Noticed a destroyer
   142 | D        | Noticed a destroyer
   142 | D        | Noticed a fleshlord
   143 | D        | Killed a destroyer
   143 | D        | Killed a fleshlord
   143 | D        | Killed a destroyer
   143 | D        | Noticed a fleshlord
   144 | D        | Killed a fleshlord
   146 | D        | Killed a large bag of meat
   146 | D        | Noticed a meat beast
   146 | D        | Noticed an accursed
   146 | D        | Noticed a large bag of meat
   147 | D        | Killed an accursed
   147 | D        | Noticed a fleshlord
   147 | D        | Noticed a dread
   147 | D        | Noticed a destroyer
   148 | D        | Killed a large bag of meat
   148 | D        | Killed a dread
   148 | D        | Killed a fleshlord
   148 | D        | Noticed a fleshlord
   148 | D        | Noticed a large bag of meat
   150 | D        | Killed a large bag of meat
   151 | D        | Noticed a meat beast
   152 | D        | Noticed a fleshlord
   152 | D        | Noticed a destroyer
   152 | D        | Noticed a tyrant
   153 | D        | Noticed a fleshlord
   153 | D        | Killed a fleshlord
   154 | D        | Killed a tyrant
   154 | D        | Killed a fleshlord
   155 | D        | Killed a destroyer
   155 | D        | Killed a fleshlord
   156 | D        | Noticed a fleshlord
   156 | D        | Killed a destroyer
   157 | D        | Killed a tyrant
   157 | D        | Killed a fleshlord
   157 | D        | Noticed a tyrant
   157 | D        | Killed a meat beast
   157 | D        | Noticed a fleshlord
   158 | D        | Noticed a fleshlord
   158 | D        | Killed a tyrant
   158 | D        | Killed a fleshlord
   158 | D        | Killed a fleshlord
   158 | D        | Noticed a destroyer
   159 | D        | Killed a destroyer
   159 | D        | Noticed a destroyer
   159 | D        | Noticed a meat beast
   159 | D        | Noticed a fleshlord
   160 | D        | Killed a destroyer
   160 | D        | Noticed a dread
   160 | D        | Noticed a dread
   161 | D        | Noticed a meat beast
   161 | D        | Killed a dread
   161 | D        | Killed a meat beast
   161 | D        | Killed a fleshlord
   161 | D        | Noticed a fleshlord
   162 | D        | Killed a fleshlord
   162 | D        | Killed a meat beast
   162 | D        | Killed a dread
   162 | D        | Noticed a fleshlord
   163 | D        | Killed a meat beast
   164 | D        | Killed a fleshlord
   164 | D        | Noticed a tyrant
   164 | D        | Noticed a fleshlord
   165 | D        | Noticed a fleshlord
   165 | D        | Killed a fleshlord
   165 | D        | Killed a tyrant
   165 | D        | Noticed a meat beast
   166 | D        | Killed a meat beast
   166 | D        | Killed a fleshlord
   166 | D        | Noticed a dread
   167 | D        | Noticed a dread
   167 | D        | Killed a dread
   167 | D        | Killed a dread
   170 | D        | Noticed a dread
   170 | D        | Killed a dread
   174 | D        | Noticed a dread
   177 | D        | Noticed a destroyer
   179 | D        | Noticed a destroyer
   180 | D        | Killed a dread
   180 | D        | Killed a destroyer
   182 | D        | Noticed a dread
   185 | D        | Killed a dread
   188 | D        | Noticed a fleshlord
   189 | D        | Noticed a dread
   189 | D        | Killed a fleshlord
   189 | D        | Killed a dread
   190 | D        | Noticed a dread
   190 | D        | Noticed a dread
   191 | D        | Noticed a fleshlord
   191 | D        | Noticed a tyrant
   192 | D        | Killed a tyrant
   192 | D        | Killed a dread
   192 | D        | Noticed a fleshlord
   192 | D        | Noticed a large bag of meat
   193 | D        | Killed a large bag of meat
   193 | D        | Killed a fleshlord
   193 | D        | Noticed a large bag of meat
   193 | D        | Noticed a dread
   193 | D        | Noticed a dread
   194 | D        | Killed a large bag of meat
   194 | D        | Killed a fleshlord
   194 | D        | Killed a dread
   194 | D        | Killed a dread
   194 | D        | Noticed a fleshlord
   194 | D        | Noticed a dread
   195 | D        | Killed a dread
   195 | D        | Killed a dread
   196 | D        | Killed a fleshlord
   196 | D        | Noticed a fleshlord
   197 | D        | Killed a fleshlord
   197 | D        | Noticed a destroyer
   198 | D        | Killed a destroyer
   201 | D        | Noticed a fleshlord
   201 | D        | Noticed a fleshlord
   201 | D        | Noticed a fleshlord
   202 | D        | Killed a fleshlord
   202 | D        | Killed a fleshlord
   203 | D        | Killed a fleshlord
   203 | D        | Noticed a fleshlord
   204 | D        | Noticed a vile
   204 | D        | Noticed an accursed
   205 | D        | Killed a fleshlord
   205 | D        | Killed an accursed
   206 | D        | Killed a vile
   206 | D        | Noticed a fleshlord
   207 | D        | Killed a fleshlord
   207 | D        | Noticed a dread
   207 | D        | Noticed a fleshlord
   208 | D        | Noticed a vile
   208 | D        | Killed a vile
   209 | D        | Killed a fleshlord
   209 | D        | Killed a dread
   211 | D        | Noticed a vile
   212 | D        | Killed a vile
   214 | D        | Noticed a dread
   215 | D        | Killed a dread
   220 | D        | Noticed a fleshlord
   221 | D        | Killed a fleshlord
   222 | D        | Killed a destroyer
   226 | D        | Noticed a fleshlord
   226 | D        | Killed a fleshlord
   228 | D        | Noticed a fleshlord
   229 | D        | Noticed a vile
   230 | D        | Killed a fleshlord
   230 | D        | Killed a vile
   233 | D        | Noticed a fleshlord
   234 | D        | Killed a fleshlord
   235 | D        | Noticed a vile
   236 | D        | Noticed a fleshlord
   236 | D        | Noticed a vile
   237 | D        | Noticed a dread
   238 | D        | Killed a vile
   239 | D        | Noticed a dread
   239 | D        | Killed a dread
   240 | D        | Killed a dread
   240 | D        | Killed a vile
   243 | D        | Noticed a fleshlord
   243 | D        | Noticed a dread
   244 | D        | Noticed a vile
   244 | D        | Killed a dread
   244 | D        | Killed a vile
   244 | D        | Killed a fleshlord
   244 | D        | Noticed a vile
   245 | D        | Noticed a vile
   245 | D        | Killed a vile
   245 | D        | Killed a vile
   246 | D        | Noticed a dread
   247 | D        | Noticed a vile
   247 | D        | Killed a vile
   247 | D        | Killed a dread
   248 | D        | Noticed a vile
   249 | D        | Noticed a vile
   249 | D        | Killed a vile
   249 | D        | Killed a vile
   249 | D        | Noticed a fleshlord
   250 | D        | Killed a fleshlord
   251 | D        | Noticed a vile
   251 | D        | Noticed a vile
   251 | D        | Noticed a vile
   252 | D        | Killed a vile
   252 | D        | Killed a vile
   252 | D        | Killed a vile
   253 | D        | Noticed a vile
   253 | D        | Noticed a large bag of meat
   253 | D        | Noticed a meat beast
   253 | D        | Noticed a vile
   254 | D        | Killed a large bag of meat
   255 | D        | Noticed a tyrant
   255 | D        | Noticed a vile
   255 | D        | Noticed a vile
   255 | D        | Noticed a destroyer
   255 | D        | Noticed a vile
   256 | D        | Noticed a meat beast
   256 | D        | Noticed a fleshlord
   257 | D        | Noticed a meat beast
   257 | D        | Noticed a vile
   257 | D        | Noticed an accursed
   258 | D        | Noticed a fleshlord
   258 | D        | Killed a meat beast
   258 | D        | Noticed a meat beast
   259 | D        | Noticed a vile
   259 | D        | Noticed a vile
   259 | D        | Noticed a large bag of meat
   259 | D        | Noticed The Meatlord
   259 | D        | Noticed a dread
   259 | D        | Noticed a vile
   260 | D        | Killed a vile
   260 | D        | Killed a meat beast
   261 | D        | Noticed a vile
   261 | D        | Noticed a vile
   261 | D        | Killed from afar by The Meatlord

Illustrated notes

Levels and vault maps discovered:
D:        meatsprint

Skill      XL: |  1  2  3  4  5  6  7  8  9 10 11 12 13 14 15 16 17 18 19 20 21 22 23 24 25 26 27 |
---------------+----------------------------------------------------------------------------------+-----
Fighting       | 15 20 21 23 26 27 | 27.0
Axes           | 12 17 18 20 22 24 27 | 27.0
Spellcasting   | 12 16 17 18 21 22 27 | 27.0
Armour         | 7 10 27 | 27.0
Dodging        | 18 24 27 | 27.0
Short Blades   | 9 11 15 17 20 22 23 27 | 27.0
Long Blades    | 9 11 15 17 20 22 23 27 | 27.0
Maces & Flails | 8 10 13 16 18 20 21 27 | 27.0
Polearms       | 8 10 13 16 18 20 21 27 | 27.0
Staves         | 8 11 14 16 19 20 22 27 | 27.0
Ranged Weapons | 8 10 13 15 17 19 20 27 | 27.0
Throwing       | 8 10 13 15 17 19 20 27 | 27.0
Stealth        | 8 11 14 16 19 20 27 | 27.0
Shields        | 9 12 15 18 20 22 24 27 | 27.0
Unarmed Combat | 9 12 15 18 20 22 24 27 | 27.0
Invocations    | 9 12 15 18 20 22 24 27 | 27.0
Evocations     | 9 12 15 18 20 22 24 27 | 27.0

Action                   |  1- 3 |  4- 6 |  7- 9 | 10-12 | 13-15 | 16-18 | 19-21 | 22-24 | 25-27 || total
-------------------------+-------+-------+-------+-------+-------+-------+-------+-------+-------++-------
Melee: Executioner's axe |     1 |       |       |     3 |     6 |    11 |    16 |    21 |   341 ||   399
 Cast: Manifold Assault  |       |       |       |     1 |     1 |     3 |     4 |     8 |   112 ||   129
       Discord           |       |       |       |       |       |       |       |       |     4 ||     4
       Disjunction       |       |       |       |       |       |       |       |       |     1 ||     1
       Anguish           |       |       |       |       |       |       |       |       |     1 ||     1
  Use: Potion            |       |       |       |       |       |       |       |       |     2 ||     2
Armor: Leather armour    |       |       |       |       |     1 |       |       |       |     1 ||     2
Dodge: Dodged            |       |       |       |       |       |     1 |       |       |     2 ||     3
